 Dungeon Crawl Stone Soup version 0.20.1-1-g8b1a95d (webtiles) character file.

55 slep the Poker (level 3, 0/26 HPs)
             Began as a Demonspawn Wanderer on Oct 22, 2017.
             Slain by a kobold
             ... wielding a +0 short sword
              (3 damage)
             ... on level 2 of the Dungeon.
             The game lasted 00:07:56 (1304 turns).

slep the Poker (Demonspawn Wanderer)                Turns: 1304, Time: 00:07:57

Health: 0/26       AC:  2    Str: 12    XL:     3   Next: 67%
Magic:  0/4        EV: 12    Int: 13    God:
Gold:   106        SH:  0    Dex: 13    Spells: 4/4 levels left

rFire    + . .     SeeInvis .   r - -2 falchion (curse)
rCold    + . .     Gourm    .   (no shield)
rNeg     . . .     Faith    .   c - +0 robe
rPois    .         Spirit   +   (no helmet)
rElec    .         Reflect  .   (no cloak)
rCorr    .         Harm     .   (no gloves)
MR       .....                  (no boots)
Stlth    +.........             i - amulet of guardian spirit
Regen    0.1/turn               k - ring of protection from fire
MPRegen  0.1/turn               m - ring of wizardry

@: no status effects
A: cold resistance 1, freezing cloud immunity
a: no special abilities


You were on level 2 of the Dungeon.
You were not hungry.

You visited 1 branch of the dungeon, and saw 2 of its levels.

You collected 106 gold pieces.

Inventory:

Hand Weapons
 a - a +2 spear
 o - a +2 dagger of venom
 r - a cursed -2 falchion (weapon)
Armour
 c - a +0 robe (worn)
Jewellery
 i - an amulet of guardian spirit (around neck)
 k - a ring of protection from fire (left hand)
 m - a ring of wizardry (right hand)
Scrolls
 e - 2 scrolls of teleportation {unknown}
 g - 2 scrolls of remove curse {unknown}
 h - a scroll of noise {unknown}
 n - 2 scrolls of identify {unknown}
 q - a scroll of random uselessness {unknown}
Potions
 l - 2 potions of might
Books
 b - the Guide on Summoning

   Spells                             Type                      Level
   a - Summon Butterflies             Summoning                    1
   b - Call Canine Familiar           Summoning                    3
Comestibles
 d - 3 bread rations
 f - 3 fruits
 p - a meat ration


   Skills:
 + Level 1.0 Fighting
 + Level 3.1 Polearms
 + Level 1.4 Dodging
 + Level 0.2 Stealth
   Level 1.0 Shields
 + Level 1.2 Spellcasting
   Level 2.0 Summonings
   Level 1.7 Earth Magic
   Level 1.0 Evocations


You had 4 spell levels left.
You didn't know any spells.

Dungeon Overview and Level Annotations

Branches:
Dungeon (2/15)

Altars:


Innate Abilities, Weirdness & Mutations

Your flesh is cold resistant. (rC+)
You are immune to freezing clouds.


Message History

All of the chunks of flesh in your inventory have rotted away.
d - 3 bread rations (gained 1)
You open the door.
There is an open door here.
A kobold comes into view. It is wielding a short sword.
The kobold shouts!
The kobold barely misses you.
You barely miss the kobold. The kobold hits you with a short sword.
You barely miss the kobold. The kobold closely misses you.
The kobold hits you but does no damage.
You closely miss the kobold. The kobold hits you with a short sword.
* * * LOW HITPOINT WARNING * * *
You miss the kobold. The kobold completely misses you.
You hit the kobold but do no damage. The kobold hits you with a short sword.
* * * LOW HITPOINT WARNING * * *
You closely miss the kobold. The kobold barely misses you. x2
You closely miss the kobold. The kobold hits you but does no damage.
You closely miss the kobold. The kobold closely misses you.
You barely miss the kobold. The kobold hits you with a short sword.
You die...

############ ####### #.....@K...#
#.....## #.########.# #.......
#######.# #..8...8 #.......#
#....#.. #.......# #.#.###.
####.......# #######....#..
##..'.......# #........8...8
...##.......# #.######...#..
...##.......########.#######.###.


You could see a kobold.

Vanquished Creatures
  2 oozes
  2 dart slugs
  A leopard gecko (D:1)
  A ball python (D:1)
  5 goblins
  4 hobgoblins
  4 jackals (D:1)
  7 kobolds
  2 bats
  4 frilled lizards
  8 rats
40 creatures vanquished.

Notes
Turn   | Place    | Note
-------+----------+-------------------------------------------
     0 | D:1      | slep the Demonspawn Wanderer began the quest for the Orb.
     0 | D:1      | slep set off with: a +2 spear, the Guide on Summoning, a +0 robe, a bread ration
     0 | D:1      | Reached XP level 1. HP: 13/13 MP: 2/2
    19 | D:1      | Reached skill level 2 in Polearms
   420 | D:1      | Gained mutation: Your flesh is cold resistant. (rC+) [demonic ancestry]
   420 | D:1      | Reached XP level 2. HP: 19/19 MP: 0/3
   843 | D:1      | Gained mutation: You are immune to freezing clouds. [demonic ancestry]
   843 | D:1      | Reached XP level 3. HP: 18/24 MP: 4/4
  1024 | D:2      | Reached skill level 3 in Polearms
  1255 | D:2      | Reached skill level 1 in Fighting
  1304 | D:2      | Slain by a kobold

Skill      XL: |  1  2  3 |
---------------+----------+-----
Polearms       | 2 3 |  3.1
Fighting       | 1 |  1.0
Dodging        | |  1.4
Stealth        | |  0.2
Shields        | |  1.0
Spellcasting   | |  1.2
Summonings     | |  2.0
Earth Magic    | |  1.7
Evocations     | |  1.0

Action                   || total
-------------------------++-------
Melee: Spear             ||   116
       Falchion          ||    32
  Use: Potion            ||     2
 Stab: Sleeping          ||     1
  Eat: Chunk             ||     1
Armor: Robe              ||    18
Dodge: Dodged            ||    68
       Rpst.: Falchion   ||     1
